Map: Para Site LE

Players

OhrlRokK

  • Race: Protoss Protoss
  • League: Master
  • Spawn Location: 5:00

IIIIIIIIIIII (FireFoX) - Winner!

  • Race: Zerg Zerg
  • League: Grandmaster
  • Spawn Location: 11:00

VOD

Have the link to the VOD?

Description

Time

  • Played on: Aug. 29, 2018, 9:02 a.m.
  • Length: 5:59
Show
View Real Time Build Order
Export as new Build Order

OhrlRokK Protoss 

Build Orders: 1 Gate Expand, Oracle Opening, Phoenix Opening 

Get SALT Encoding   

  12  0:01  Probe  
  13  0:13  Probe  
  14  0:21  Pylon  
  14  0:25  Probe  
  15  0:29  Assimilator  
  15  0:35  Probe  
  16  0:44  Probe, Gateway  
  17  0:53  Probe  
  18  1:02  Probe  
  18  1:10  Probe  
  20  1:26  Nexus  
  20  1:36  Cybernetics Core  
  21  1:40  Probe  
  21  1:48  Pylon  
  21  1:49  Assimilator  
  21  1:53  Probe  
  22  2:05  Probe  
  22  2:07  Adept  
  23  2:15  Stargate  
  23  2:17  Probe  
  25  2:24  Warp Gate  
  26  2:30  Probe  
  26  2:33  Adept  
  26  2:34  Probe  
  28  2:42  Probe x2  
  31  2:51  Gateway  
  31  2:58  Phoenix  
  31  3:00  Probe  
  31  3:01  Probe  
  35  3:09  Adept  
  37  3:16  Pylon  
  37  3:17  Probe x2  
  39  3:25  Probe  
  39  3:29  Probe  
  39  3:33  Probe  
  41  3:35  Oracle  
  41  3:36  Sentry  
  47  3:41  Probe  
  47  3:43  Assimilator  
  47  3:45  Probe  
  49  3:51  Assimilator  
  49  3:53  Probe  
  50  3:57  Probe  
  50  4:01  Robotics Facility  
  51  4:05  Probe  
  51  4:09  Probe  
  51  4:15  Gateway  
  49  4:18  Probe  
  49  4:22  Probe  
  30  4:46  Oracle  
  30  4:47  Pylon  
  30  4:52  Pylon  
  33  4:54  Pylon  
  32  5:07  Pylon, Zealot  
  32  5:09  Pylon  
  34  5:19  Zealot  
  27  5:36  Probe, Zealot  
  27  5:37  Probe  
  31  5:56  Zealot  
Show
View Real Time Build Order
Export as new Build Order

IIIIIIIIIIII Zerg - Winner!

Build Orders: Hatch First 

Get SALT Encoding   

  12  0:01  Drone  
  13  0:08  Drone  
  14  0:16  Overlord  
  14  0:23  Extractor, Drone  
  16  0:35  Drone x2  
  17  0:53  Hatchery  
  17  0:56  Extractor  
  15  0:58  Drone  
  16  1:13  Spawning Pool  
  16  1:17  Drone  
  16  1:23  Drone  
  16  1:24  Drone  
  18  1:33  Overlord  
  18  2:00  Zergling x4, Metabolic Boost  
  21  2:04  Queen  
  23  2:08  Zergling x2  
  23  2:16  Zergling x2  
  24  2:23  Zergling x4  
  26  2:30  Zergling x2  
  26  2:36  Hatchery  
  26  2:38  Zergling x2  
  26  2:40  Zergling x2  
  28  2:46  Zergling x2  
  29  2:54  Baneling Nest  
  29  2:55  Zergling x2  
  29  3:03  Zergling x4  
  31  3:10  Zergling x2  
  31  3:11  Zergling x2  
  33  3:15  Zergling x2  
  34  3:27  Overlord  
  34  3:28  Zergling x4  
  36  3:38  Baneling  
  36  3:39  Baneling x3  
  36  3:42  Baneling  
  36  3:47  Overlord  
  36  3:51  Zergling x2  
  37  3:57  Zergling x2  
  37  4:00  Baneling  
  38  4:03  Zergling x2  
  36  4:12  Zergling x2  
  36  4:13  Zergling x4  
  38  4:23  Zergling x4  
  37  4:24  Zergling x2  
  37  4:27  Zergling x2  
  37  4:32  Zergling x2  
  37  4:35  Zergling x2  
  34  4:39  Zergling x2  
  34  4:43  Zergling x2  
  32  4:52  Zergling x2  
  32  4:53  Zergling x2  
  32  4:57  Zergling x2  
  34  5:06  Zergling x2  
  35  5:08  Baneling x5  
  35  5:14  Zergling x2  
  35  5:16  Baneling x2  
  35  5:20  Zergling x2  
  34  5:29  Zergling x4  
  33  5:37  Zergling x4  
Tags
 
Add a new tag
Caveats
  • Supply blocks, unpowered buildings, or Contaminate may cause inaccurate times.
  • Supply counts are checked every 10 seconds.